Map: Blueshift LE

Players

DarkTemplar - Winner!

  • Race: Protoss Protoss
  • League: Silver
  • Spawn Location: 7:00

michael

  • Race: Protoss Protoss
  • League: Silver
  • Spawn Location: 1:00

VOD

Have the link to the VOD?

Description

Time

  • Played on: Aug. 19, 2018, 11:41 p.m.
  • Length: 6:20
Show
View Real Time Build Order
Export as new Build Order

DarkTemplar Protoss - Winner!

Build Orders:  

Get SALT Encoding   

  12  0:01  Probe  
  13  0:16  Probe  
  13  0:21  Pylon  
  14  0:28  Probe  
  15  0:40  Probe  
  15  0:42  Gateway  
  16  0:52  Assimilator, Probe  
  17  1:04  Probe  
  18  1:16  Probe  
  19  1:22  Pylon  
  19  1:28  Probe  
  20  1:37  Cybernetics Core  
  20  1:40  Probe  
  20  1:43  Assimilator  
  21  1:56  Probe  
  22  2:03  Warp Gate  
  22  2:07  Pylon  
  22  2:08  Probe  
  23  2:20  Probe  
  24  2:29  Robotics Facility  
  24  2:32  Probe  
  26  2:51  Probe  
  26  2:54  Stalker  
  25  3:01  Robotics Facility  
  27  3:07  Immortal  
  27  3:09  Probe, Gateway  
  32  3:36  Warp Prism  
  32  3:41  Probe, Pylon  
  35  4:06  Gateway  
  35  4:17  Nexus  
  35  4:25  Stalker  
  35  4:26  Stalker  
  39  4:31  Probe  
  40  4:54  Stalker  
  40  4:55  Stalker  
  40  4:58  Assimilator, Pylon  
  44  5:06  Probe, Observer  
  46  5:19  Probe  
  46  5:20  Zealot  
  46  5:21  Zealot x2  
  51  5:59  Stalker x2  
  51  6:00  Stalker  
  57  6:05  Probe  
  57  6:06  Probe  
Show
View Real Time Build Order
Export as new Build Order

michael Protoss 

Build Orders:  

Get SALT Encoding   

  12  0:02  Probe  
  13  0:19  Pylon  
  13  0:25  Probe  
  14  0:37  Probe  
  14  0:41  Gateway  
  15  0:45  Probe  
  16  0:53  Probe  
  16  0:56  Assimilator  
  16  1:03  Probe  
  18  1:13  Probe  
  18  1:14  Pylon  
  19  1:21  Probe  
  20  1:28  Assimilator  
  20  1:35  Cybernetics Core  
  20  1:43  Probe  
  21  1:55  Probe  
  22  2:08  Nexus  
  22  2:09  Probe  
  23  2:17  Probe  
  23  2:22  Adept  
  26  2:26  Probe  
  27  2:38  Probe  
  28  2:47  Pylon  
  28  2:51  Probe  
  29  3:02  Stalker  
  32  3:05  Probe  
  32  3:11  Pylon  
  32  3:12  Robotics Facility  
  32  3:16  Warp Gate  
  32  3:17  Probe x2  
  33  3:25  Probe  
  34  3:29  Probe  
  36  3:34  Probe  
  36  3:39  Gateway  
  37  3:42  Probe  
  38  3:50  Stalker  
  38  3:54  Probe x2  
  43  4:03  Observer, Pylon  
  43  4:06  Probe  
  44  4:15  Assimilator  
  44  4:19  Assimilator  
  44  4:24  Robotics Facility  
  44  4:31  Robotics Bay  
  44  4:34  Stalker x2  
  48  4:44  Immortal  
  52  4:47  Probe x2  
  54  4:55  Probe  
  54  4:56  Probe  
  56  5:03  Probe  
  56  5:04  Probe  
  56  5:13  Probe  
  56  5:14  Probe, Gateway x2  
  59  5:36  Immortal  
Tags
 
Matchup
PvP
Spawn Locations
Cross Positions
Add a new tag
Caveats
  • Supply blocks, unpowered buildings, or Contaminate may cause inaccurate times.
  • Supply counts are checked every 10 seconds.